 Dungeon Crawl Stone Soup version 0.20.1-1-g8b1a95d (webtiles) character file.

14573 mike2R the Artisan of Death (level 12, -2/87 HPs)
             Began as a Human Necromancer on July 15, 2017.
             Was a Priest of Kikubaaqudgha.
             Slain by a black mamba (8 damage)
             ... on level 3 of the Lair of Beasts on July 16, 2017.
             The game lasted 02:00:41 (12879 turns).

mike2R the Artisan of Death (Human Necromancer)    Turns: 12879, Time: 02:00:42

Health: -2/87      AC: 15    Str:  9    XL:     12   Next: 46%
Magic:  14/23      EV: 13    Int: 20    God:    Kikubaaqudgha [***...]
Gold:   745        SH:  6    Dex: 14    Spells: 1/26 levels left

rFire    . . .     SeeInvis .   a - +7 dagger (venom)
rCold    . . .     Gourm    .   n - +1 buckler
rNeg     . . .     Faith    .   J - +0 ring mail
rPois    .         Spirit   .   M - +2 hat {MR+}
rElec    .         Reflect  .   x - +1 cloak
rCorr    .         Harm     .   f - +1 pair of gloves
MR       +++..                  v - +1 pair of boots
Stlth    +.........             w - amulet of regeneration
Regen    0.7/turn               e - ring of protection from magic
MPRegen  0.2/turn               H - ring of protection from magic

@: lethally poisoned (-2 -> -8), about to teleport, very slightly contaminated
A: no striking features
a: Receive Corpses, Renounce Religion


You were on level 3 of the Lair of Beasts.
You worshipped Kikubaaqudgha.
Kikubaaqudgha was most pleased with you.
You were hungry.

You visited 3 branches of the dungeon, and saw 13 of its levels.
You also visited: Ossuary.

You collected 745 gold pieces.

Inventory:

Hand Weapons
 a - a +7 dagger of venom (weapon)
 b - a +0 hunting sling
Missiles
 k - 4 tomahawks
 l - 60 sling bullets
 u - 345 stones (quivered)
Armour
 f - a +1 pair of gloves (worn)
 n - a +1 buckler (worn)
 v - a +1 pair of boots (worn)
 x - a +1 cloak (worn)
 J - a +0 ring mail (worn)
 M - a +2 hat of magic resistance (worn)
Jewellery
 e - a ring of protection from magic (left hand)
 w - an amulet of regeneration (around neck)
 H - a ring of protection from magic (right hand)
Wands
 o - a wand of digging (19/24)
 t - a wand of paralysis (13/24)
 z - a wand of disintegration (6/24)
 I - a wand of iceblast (2/15)
 O - a wand of lightning (11/15)
 Q - a wand of random effects (36/48)
Scrolls
 g - 3 scrolls of teleportation
 j - 3 scrolls of remove curse
 p - 2 scrolls of magic mapping
 y - 2 scrolls of fog
 C - a scroll of immolation
 S - 2 scrolls of amnesia
 U - a scroll of holy word
Potions
 h - 4 potions of flight
 q - 4 potions of haste
 r - 5 potions of brilliance
 s - 2 potions of heal wounds
 A - a potion of cancellation {unknown}
 B - a potion of berserk rage
 D - 2 potions of curing {unknown}
 E - a potion of ambrosia {unknown}
 F - 3 potions of agility
 G - a potion of invisibility {unknown}
 K - a potion of magic {unknown}
 L - a potion of mutation {unknown}
 N - a potion of might {unknown}
 P - a potion of lignification {unknown}
Books
 R - Kikubaaqudgha's Catalogue of Stolen Souls
   (Kikubaaqudgha gifted it to you on level 9 of the Dungeon)

   Spells                             Type                      Level
   a - Animate Dead                   Necromancy                   4
   b - Agony                          Necromancy                   5
   c - Cigotuvi's Embrace             Necromancy                   5
   d - Dispel Undead                  Necromancy                   5
   e - Death Channel                  Necromancy                   6
Comestibles
 c - 7 bread rations
 d - 3 meat rations
 i - 3 royal jellies
 m - 4 fruits
 T - 3 chunks of flesh


   Skills:
 - Level 5.8 Fighting
 - Level 6.1 Short Blades
 - Level 5.2 Slings
 - Level 5.9 Armour
 - Level 6.4 Dodging
 - Level 2.0 Stealth
 - Level 5.5 Shields
 + Level 7.7 Spellcasting
 + Level 8.7 Necromancy
 - Level 6.8 Evocations


You had one spell level left.
You knew the following spells:

 Your Spells              Type           Power        Failure   Level  Hunger
a - Pain                  Necr           ####         1%          1    None
b - Animate Skeleton      Necr           N/A          1%          1    None
c - Vampiric Draining     Necr           #####.....   1%          3    None
d - Regeneration          Chrm/Necr      ####......   11%         3    None
e - Animate Dead          Necr           N/A          6%          4    ###....
f - Control Undead        Necr           #####.....   6%          4    ###....
g - Corpse Rot            Necr           N/A          1%          2    None
h - Sublimation of Blood  Necr           #####.....   1%          2    None
i - Agony                 Necr           #####...     16%         5    #####..


Dungeon Overview and Level Annotations

Branches:
Dungeon (9/15)             Temple (1/1) D:6            Lair (3/6) D:8
  Swamp: Lair:2-4    Shoals: Lair:2-4     Snake: Lair:2-4    Spider: Lair:2-4
    Orc: D:9-12

Altars:
Ashenzari
Cheibriados
Dithmenos
Elyvilon
Fedhas
Gozag
Hepliaklqana
Kikubaaqudgha
Makhleb
Nemelex Xobeh
Okawaru
Qazlal
Ru
Sif Muna
Trog
Uskayaw
Vehumet
Xom
Yredelemnul
Zin
The Shining One

Annotations:
D:3 Lenha2's ghost, amateur TeSu
D:7 exclusion: statue


Message History

The elephant is moderately wounded.
This wand has 11 charges left.
You feel sick.
You hear a trumpeting!
The black mamba bites you.
* * * LOW HITPOINT WARNING * * *
The black mamba barely misses you.
As you read the scroll of teleportation, it crumbles to dust.
You feel strangely unstable.
You feel sick. The black mamba bites you!
* * * LOW HITPOINT WARNING * * *
You are lethally poisoned!
The black mamba poisons you! The elephant barely misses you.
The elephant trunk-slaps you but does no damage.
Your wolf zombie bites the elephant but does no damage.
Your water moccasin zombie barely misses the black mamba.
* * * LOW HITPOINT WARNING * * *
You feel sick.
Your wolf zombie completely misses the elephant.
The black mamba bites you!
You die...
Kikubaaqudgha rasps: "You have failed me!
Welcome... death!"

...........## ##P...P
............# #......
.......<..<.. .......
............( ....Z..
########..... ....Y.. ###
#P..... #.....##
###..###.#......
#P.....#####.#.............
#P..ZZ.S@..........P#....
#.(.YZ.Y.................
#P.(#####..................
.... ##...................
... #..................>.
.. ###.................. .
#.#................#
###...............##
###.............#


You could see 2 elephants, a black mamba, a friendly water moccasin zombie, a
friendly wolf zombie and a friendly spiny frog zombie.

Vanquished Creatures
  Gastronok (D:8)
  A two-headed ogre (D:8)
  Nergalle (Lair:2)
  Pikel (D:5)
  An ugly thing (D:6)
  A black mamba (Lair:1)
  A spiny frog (Lair:1)
  A komodo dragon (Lair:2)
  Prince Ribbit (D:7)
  A hippogriff (Lair:3)
  5 blink frogs
  Sigmund (D:3)
  13 yaks
  2 wyverns
  3 water moccasins
  4 porcupines
  An orc warrior (D:7)
  A slave (D:5)
  2 ogres
  A hornet zombie (D:6)
  2 phantoms (D:6)
  A centaur (D:8)
  4 crocodiles
  2 big kobolds
  5 bullfrogs
  A water moccasin skeleton (D:6)
  3 scorpions
  3 wights (D:9)
  5 howler monkeys
  5 crimson imps
  A jelly (D:7)
  3 centaur skeletons
  7 hounds
  4 orc priests (D:7)
  2 bullfrog skeletons
  2 iguanas
  8 orc wizards
  6 worker ants
  A big kobold zombie (Ossuary)
  7 mummies
  Robin (D:3)
  2 worker ant zombies
  10 adders
  A howler monkey skeleton (D:5)
  2 shadow imps (D:7)
  An ooze (D:6)
  2 adder skeletons
  7 adder zombies
  2 worms
  2 dart slugs
  5 leopard geckos
  18 orcs
  8 bats
  7 giant cockroaches
  11 goblins
  9 hobgoblins
  7 jackals
  4 quokkas
  7 ball pythons
  3 frilled lizards
  2 goblin zombies
  5 hobgoblin zombies
  5 kobolds
  4 kobold zombies (Ossuary)
  2 leopard gecko skeletons
  5 rats
  5 rat zombies (Ossuary)
252 creatures vanquished.

Vanquished Creatures (collateral kills)
  2 hydras (Lair:1)
  Joseph (D:7)
  2 spiny frogs
  A hippogriff (D:8)
  2 blink frogs (Lair:1)
  7 yaks
  A water moccasin (Lair:2)
  A porcupine (Lair:2)
  An orc warrior (D:7)
  A sky beast (D:6)
  A centaur (D:7)
  A scorpion (D:6)
  2 wights (D:9)
  4 centaur zombies
  A crimson imp (D:8)
  A centaur skeleton (D:4)
  Jessica (D:2)
  An iguana (D:6)
  An orc wizard (D:8)
  2 ogre zombies (Ossuary)
  A mummy (Ossuary)
  2 adders (D:4)
  4 orcs
  2 bats (D:3)
  2 ball pythons
  A frilled lizard (D:3)
  A kobold (D:3)
  2 kobold zombies (Ossuary)
  2 rat zombies (Ossuary)
51 creatures vanquished.

Vanquished Creatures (others)
  An iguana (D:5)
  A jackal (D:5)
  A frilled lizard (D:5)
3 creatures vanquished.

Grand Total: 306 creatures vanquished

Notes
Turn   | Place    | Note
-------+----------+-------------------------------------------
     0 | D:1      | mike2R the Human Necromancer began the quest for the Orb.
     0 | D:1      | Reached XP level 1. HP: 13/13 MP: 3/3
     8 | D:1      | Learned a level 1 spell: Animate Skeleton
   215 | D:1      | Reached XP level 2. HP: 8/19 MP: 0/5
   930 | D:2      | Reached XP level 3. HP: 24/24 MP: 6/6
   935 | D:2      | Learned a level 3 spell: Vampiric Draining
  1099 | D:2      | Reached XP level 4. HP: 28/30 MP: 2/7
  1104 | D:2      | Learned a level 3 spell: Regeneration
  1132 | D:2      | Noticed Jessica
  1149 | D:2      | Killed Jessica
  1149 | D:2      | Reached skill level 5 in Necromancy
  1340 | D:2      | Found a burning altar of Makhleb.
  1467 | D:2      | Found a faded altar of an unknown god.
  2058 | D:3      | Noticed Lenha2's ghost (amateur TeSu)
  2323 | D:3      | Reached XP level 5. HP: 35/35 MP: 7/9
  2366 | D:3      | Reached skill level 1 in Short Blades
  2812 | D:3      | Noticed a big kobold
  2828 | D:3      | Killed a big kobold
  3040 | D:3      | Reached XP level 6. HP: 33/41 MP: 6/11
  3059 | D:3      | Noticed Robin
  3075 | D:3      | Killed Robin
  3242 | D:3      | Noticed Sigmund
  3262 | D:3      | Killed Sigmund
  3262 | D:3      | Reached skill level 6 in Necromancy
  3383 | D:3      | Reached XP level 7. HP: 46/46 MP: 13/13
  3528 | D:4      | Learned a level 4 spell: Animate Dead
  3719 | D:4      | Reached skill level 5 in Spellcasting
  4011 | D:4      | Learned a level 4 spell: Control Undead
  4154 | D:4      | Reached skill level 1 in Armour
  4158 | D:4      | Reached skill level 1 in Fighting
  4178 | D:4      | Found a shadowy altar of Dithmenos.
  4233 | D:4      | Reached XP level 8. HP: 52/54 MP: 13/16
  4473 | D:4      | Reached skill level 1 in Shields
  4532 | D:5      | Entered Level 5 of the Dungeon
  4635 | D:5      | Noticed Pikel
  4649 | D:5      | Killed Pikel
  4649 | D:5      | Reached skill level 5 in Shields
  4654 | D:5      | Found an ancient bone altar of Kikubaaqudgha.
  4662 | D:5      | Became a worshipper of Kikubaaqudgha
  5509 | D:6      | Noticed a white ugly thing
  5524 | D:6      | Killed a white ugly thing
  5524 | D:6      | Reached XP level 9. HP: 56/62 MP: 8/17
  6163 | D:6      | Found a staircase to the Ecumenical Temple.
  6176 | Temple   | Entered the Ecumenical Temple
  6555 | D:6      | Found a snail-covered altar of Cheibriados.
  6687 | D:7      | Reached skill level 5 in Dodging
  6733 | D:7      | Noticed Joseph
  6747 | D:7      | Killed Joseph
  6747 | D:7      | Reached XP level 10. HP: 72/73 MP: 11/18
  6810 | D:7      | Reached * piety under Kikubaaqudgha
  6810 | D:7      | Identified Kikubaaqudgha's Collected Works on Necromancy (Kikubaaqudgha gifted it to you on level 7 of the Dungeon)
  6810 | D:7      | Received a gift from Kikubaaqudgha
  6815 | D:7      | Learned a level 2 spell: Corpse Rot
  6825 | D:7      | Reached skill level 5 in Armour
  6834 | D:7      | Noticed Prince Ribbit
  6850 | D:7      | Killed Prince Ribbit
  6850 | D:7      | Reached skill level 5 in Fighting
  7058 | D:7      | Reached skill level 1 in Evocations
  7182 | D:7      | Found a glowing silver altar of Zin.
  7255 | D:7      | Found a radiant altar of Vehumet.
  8183 | D:8      | Found a sand-covered staircase.
  8196 | Ossuary  | Entered an ossuary
  8307 | Ossuary  | Reached ** piety under Kikubaaqudgha
  8567 | Ossuary  | Reached skill level 5 in Evocations
  8849 | D:8      | Noticed Gastronok
  9066 | D:8      | Killed Gastronok
  9066 | D:8      | Reached XP level 11. HP: 61/80 MP: 19/19
  9232 | D:8      | Found a staircase to the Lair.
  9296 | D:8      | Noticed a two-headed ogre
  9306 | D:8      | Killed a two-headed ogre
  9714 | D:9      | Found a blossoming altar of Fedhas.
 10489 | D:9      | Reached *** piety under Kikubaaqudgha
 10489 | D:9      | Identified Kikubaaqudgha's Catalogue of Stolen Souls (Kikubaaqudgha gifted it to you on level 9 of the Dungeon)
 10489 | D:9      | Received a gift from Kikubaaqudgha
 10566 | Lair:1   | Entered Level 1 of the Lair of Beasts
 10603 | Lair:1   | Reached skill level 1 in Slings
 10653 | Lair:1   | Got an ebony halberd
 10659 | Lair:1   | Identified the cursed +3 halberd of the Shining Light {venom, rPois MP-9 Dex+2} (You found it on level 1 of the Lair of Beasts)
 10694 | Lair:1   | Noticed a four-headed hydra
 10715 | Lair:1   | HP: 2/81 [four-headed hydra (6)]
 10715 | Lair:1   | Killed a four-headed hydra
 10741 | Lair:1   | Noticed a seven-headed hydra
 10748 | Lair:1   | Killed a seven-headed hydra
 10748 | Lair:1   | Reached skill level 5 in Slings
 10752 | Lair:1   | Learned a level 2 spell: Sublimation of Blood
 11327 | Lair:1   | Reached skill level 7 in Necromancy
 11674 | Lair:1   | Reached XP level 12. HP: 78/87 MP: 21/21
 11880 | Lair:2   | Noticed Nergalle
 11897 | Lair:2   | Killed Nergalle
 12025 | Lair:2   | Reached skill level 8 in Necromancy
 12032 | Lair:2   | Learned a level 5 spell: Agony
 12879 | Lair:3   | Slain by a black mamba

Skill      XL: |  1  2  3  4  5  6  7  8  9 10 11 12 |
---------------+-------------------------------------+-----
Necromancy     | 5 6 7 8 |  8.7
Spellcasting   | 3 4 5 6 7 |  7.7
Short Blades   | 1 6 |  6.1
Armour         | 1 2 4 5 |  5.9
Fighting       | 1 2 4 5 |  5.8
Shields        | 5 |  5.5
Dodging        | 3 5 6 |  6.4
Evocations     | 5 6 |  6.8
Slings         | 5 |  5.2
Stealth        | |  2.0

Action                   |  1- 3 |  4- 6 |  7- 9 | 10-12 || total
-------------------------+-------+-------+-------+-------++-------
Melee: Short sword       |    26 |     2 |       |       ||    28
       Dagger            |       |    67 |   221 |   580 ||   868
 Fire: Hunting sling     |       |       |    26 |   156 ||   182
Throw: Stone             |       |     1 |       |       ||     1
 Cast: Pain              |    27 |    52 |    45 |    23 ||   147
       Animate Skeleton  |     7 |    26 |     3 |    14 ||    50
       Vampiric Draining |     2 |     4 |     6 |       ||    12
       Regeneration      |       |     2 |     2 |       ||     4
       Animate Dead      |       |       |    15 |    32 ||    47
       Control Undead    |       |       |     4 |     3 ||     7
       Corpse Rot        |       |       |       |     1 ||     1
Invok: Receive Corpses   |       |       |       |     6 ||     6
Evoke: Wand              |       |       |       |    12 ||    12
  Use: Scroll            |       |       |    23 |    15 ||    38
       Potion            |       |       |     1 |     2 ||     3
 Stab: Sleeping          |     3 |     4 |     2 |     4 ||    13
       Distracted        |       |       |     1 |     1 ||     2
       Paralysed         |       |       |       |     2 ||     2
  Eat: Chunk             |     1 |     9 |     6 |    21 ||    37
       Fruit             |       |       |     2 |       ||     2
       Bread ration      |       |       |     1 |       ||     1
       Royal jelly       |       |       |     1 |     4 ||     5
Armor: Robe              |     6 |       |       |       ||     6
       Leather armour    |     4 |    12 |    64 |    10 ||    90
       Ring mail         |       |       |       |   151 ||   151
Dodge: Dodged            |    19 |    51 |   112 |   271 ||   453
Block: Buckler           |       |       |    39 |   125 ||   164
